AoeStats
← Father Mike Fernandes SJ

Highland

504980055Analyzed
4v4 RM · 26d ago on Sep 7, 2026· 64m 46s· 8 players
Game mode
Random Map
Map size
Large (8 player)
Population
200
Speed
Normal
Resources
Standard
Victory
Conquest
Starting age
Dark Age
Ending age
Imperial Age
RankedLock teamsTeams togetherTeam positionsShared explorationLock speedFull tech treeHidden civsTurbo modeCheats
Victory
Defeat
🇺🇸 Britons · United States
1001
+13
🇨🇿 Chinese · Czechia
944
+15
🇨🇳 Saracens · China
872
+18
🇨🇳 Tatars · China
777
+23
🇮🇳 Magyars · India
991
-37
🇮🇳 Berbers · India
908
-17
905
-16
🇮🇳 Sicilians · India
896
-16
Archon
4:08 Loom
13:16 Feudal Age
17:38 Horse Collar
21:27 Castle Age
21:54 Double-Bit Axe
23:58 Bow Saw
24:14 Heavy Plow
25:08 Stone Mining
25:09 Gold Mining
25:28 Fishing Lines
30:07 Gold Shaft Mining
30:07 Stone Shaft Mining
30:55 Gillnets
35:47 Imperial Age
33:12 Fletching
33:22 Padded Archer Armor
33:49 Fortified Wall
33:51 Masonry
34:02 Ballistics
34:39 Bodkin Arrow
35:00 Leather Archer Armor
35:48 Caravan
35:15 Pikeman
35:55 Squires
35:43 Arson
37:35 Chemistry
36:33 Murder Holes
37:09 Architecture
37:13 Conscription
36:21 Halberdier
37:52 Ring Archer Armor
37:33 Forging
37:25 Scale Mail Armor
38:50 Two-Man Saw
38:31 Wheelbarrow
39:30 Great Wall
39:51 Rocketry
40:11 Iron Casting
39:53 Elite Fire Lancer
39:56 Heavy Rocket Cart
40:52 Bracer
45:02 Elite Chu Ko Nu
45:13 Sappers
46:55 Chain Mail Armor
47:40 Blast Furnace
47:37 Hand Cart
47:08 Town Watch
55:00 Plate Mail Armor
Jaeger
13:34 Feudal Age
15:19 Double-Bit Axe
15:26 Gold Mining
15:43 Loom
16:34 Wheelbarrow
19:11 Castle Age
19:25 Horse Collar
20:36 Crossbowman
21:10 Fletching
21:21 Padded Archer Armor
22:41 Gold Shaft Mining
24:26 Ballistics
24:44 Medium Warships
25:32 Hand Cart
27:09 Bodkin Arrow
27:29 Leather Archer Armor
29:19 Treadmill Crane
30:52 Fortified Wall
30:54 Masonry
32:59 Heavy Plow
33:12 Demolition Ship
38:43 Imperial Age
37:16 Bow Saw
36:59 Stone Mining
39:25 Bracer
39:55 Ring Archer Armor
39:40 Arbalester
39:59 Pikeman
41:37 Conscription
42:27 Caravan
44:09 Sanctity
44:00 Fervor
45:06 Two-Man Saw
46:21 Yeomen
45:46 Elite Longbowman
47:03 Hoardings
55:20 Forging
55:10 Scale Mail Armor
54:31 Halberdier
55:12 Squires
57:28 Iron Casting
57:08 Chain Mail Armor
59:54 Blast Furnace
61:55 Plate Mail Armor
怎么就违规了
10:29 Feudal Age
15:28 Loom
20:13 Castle Age
21:07 Double-Bit Axe
21:04 Horse Collar
21:59 Bow Saw
24:14 Scale Barding Armor
24:00 Fletching
26:08 Wheelbarrow
28:48 Bodkin Arrow
29:14 Chain Barding Armor
29:00 Heavy Plow
28:54 Gold Mining
30:54 Fortified Wall
31:04 Ballistics
31:58 Town Watch
32:18 Treadmill Crane
33:33 Gold Shaft Mining
38:49 Imperial Age
36:42 Elite Skirmisher
40:37 Silk Armor
42:01 Hand Cart
42:53 Crop Rotation
43:53 Bracer
43:56 Padded Archer Armor
44:08 Forging
46:33 Chemistry
45:30 Murder Holes
48:15 Heavy Camel Rider
49:49 Conscription
49:53 Husbandry
50:05 Bloodlines
50:35 Iron Casting
50:37 Plate Barding Armor
53:07 Caravan
55:02 Blast Furnace
54:03 Scale Mail Armor
61:56 Heavy Cavalry Archer
Yukkisan
12:03 Feudal Age
13:55 Loom
16:13 Castle Age
14:02 Double-Bit Axe
15:16 Horse Collar
15:29 Gold Mining
15:33 Stone Mining
21:39 Bow Saw
22:51 Heavy Plow
24:44 Loom
27:49 Wheelbarrow
27:00 Town Watch
31:30 Hand Cart
34:16 Gold Shaft Mining
36:55 Imperial Age
34:14 Treadmill Crane
34:47 Masonry
36:31 Forging
36:27 Scale Barding Armor
37:30 Town Patrol
38:06 Iron Casting
38:05 Conscription
37:58 Elite Mameluke
39:42 Two-Man Saw
39:38 Bloodlines
39:28 Husbandry
38:49 Light Cavalry
40:00 Onager
40:54 Caravan
44:00 Chemistry
43:00 Hussar
44:31 Counterweights
44:34 Bimaristan
45:06 Hoardings
46:49 Blast Furnace
46:09 Chain Barding Armor
47:50 Heavy Camel Rider
49:04 Chain Barding Armor
49:28 Siege Engineers
51:45 Plate Barding Armor
52:16 Capped Ram
54:11 Scale Mail Armor
57:24 Siege Onager
58:53 Siege Ram
60:00 Fletching
60:48 Fortified Wall
61:01 Ballistics
Tanishq
6:37 Loom
9:35 Feudal Age
10:40 Double-Bit Axe
20:12 Bloodlines
22:50 Castle Age
20:49 Gold Mining
20:42 Horse Collar
22:10 Wheelbarrow
22:23 Scale Barding Armor
22:22 Scale Mail Armor
23:11 Bloodlines
23:49 Husbandry
23:47 Light Cavalry
25:05 Bow Saw
29:35 Hand Cart
29:05 Town Watch
29:43 Ballistics
31:17 Thumb Ring
31:26 Corvinian Army
36:16 Caravan
37:53 Chain Barding Armor
37:26 Fletching
37:37 Padded Archer Armor
43:17 Imperial Age
44:04 Elite Magyar Huszar
45:06 Conscription
47:16 Recurve Bow
51:20 Parthian Tactics
53:54 Heavy Cavalry Archer
54:26 Pikeman
55:48 Halberdier
58:39 Chemistry
57:35 Murder Holes
57:05 Elite Skirmisher
Dr. Brows
5:50 Loom
10:06 Feudal Age
11:54 Double-Bit Axe
21:40 Castle Age
22:11 Horse Collar
23:13 Forging
24:23 Fletching
24:34 Padded Archer Armor
24:55 Bow Saw
25:28 Wheelbarrow
29:00 Heavy Plow
30:38 Ballistics
30:39 Murder Holes
32:24 Caravan
35:32 Gold Mining
35:35 Stone Mining
38:40 Imperial Age
37:17 Town Watch
37:48 Hand Cart
40:25 Chemistry
39:38 Husbandry
39:48 Bloodlines
39:38 Demolition Ship
40:00 Cavalier
40:59 Siege Engineers
40:41 Elite Genitour
42:38 Bodkin Arrow
42:59 Leather Archer Armor
43:57 Bracer
44:04 Scale Barding Armor
46:50 Conscription
53:21 Iron Casting
53:07 Chain Barding Armor
52:47 Scale Mail Armor
53:25 Murder Holes
53:45 Light Cavalry
55:26 Pikeman
56:07 Squires
55:59 Halberdier
56:27 Arson
Aboubakar
7:18 Loom
9:19 Feudal Age
11:12 Double-Bit Axe
15:47 Horse Collar
17:19 Fishing Lines
21:21 Castle Age
19:26 Gold Mining
21:01 Forging
25:07 Gold Shaft Mining
25:19 Iron Casting
25:24 Wheelbarrow
25:19 Bow Saw
27:13 Hand Cart
27:24 Heavy Plow
27:54 Fishing Lines
29:36 Town Watch
30:41 Fletching
31:37 Bodkin Arrow
32:15 Town Patrol
38:34 Scale Barding Armor
42:00 Imperial Age
40:18 Chain Barding Armor
42:34 Padded Archer Armor
43:44 Chemistry
43:12 Conscription
42:34 Heavy Camel Rider
44:18 Blast Furnace
43:54 Plate Barding Armor
43:19 Bracer
43:35 Leather Archer Armor
42:59 Elite Genitour
44:20 Caravan
44:28 Kasbah
57:32 Ballistics
57:01 Pikeman
57:46 Squires
59:58 Bloodlines
62:41 Elite Camel Archer
Father Mike Fernandes SJ
7:26 Loom
9:40 Feudal Age
10:36 Double-Bit Axe
19:37 Castle Age
19:25 Horse Collar
20:11 Fletching
20:22 Padded Archer Armor
21:11 Crossbowman
29:10 Bodkin Arrow
29:31 Leather Archer Armor
30:56 Ballistics
31:58 Bloodlines
32:29 Thumb Ring
33:21 Husbandry
37:56 Imperial Age
36:05 Wheelbarrow
39:04 Elite Genitour
41:20 Chemistry
40:10 Cavalier
41:07 Heavy Plow
41:20 Bow Saw
42:41 Caravan
43:14 Coinage
42:56 Guilds
44:38 Forging
44:34 Scale Barding Armor
44:30 Bracer
45:00 Ring Archer Armor
50:55 Conscription
53:55 Conscription
57:45 Squires
57:13 Pikeman
61:37 Scale Mail Armor
62:12 Iron Casting
Connection lost

Rejoining the realm…

Still unreachable

The connection could not be restored.

Session expired

The server has moved on; the page needs a fresh start.